 Dungeon Crawl Stone Soup version 0.20-a0-504-g2c65edc (webtiles) character file.

87 M4edhros the Sneak (level 4, -1/28 HPs)
             Began as an Octopode Artificer on Jan 21, 2017.
             Slain by an adder (2 damage)
             ... on level 4 of the Dungeon.
             The game lasted 00:01:48 (1288 turns).

M4edhros the Sneak (Octopode Artificer)             Turns: 1288, Time: 00:01:49

Health: -1/28      AC:  1    Str: 11    XL:     4   Next: 51%
Magic:  6/6        EV: 13    Int: 13    God:
Gold:   83         SH:  0    Dex: 13    Spells: 3/3 levels left

rFire    . . .     SeeInvis .   n - +0 dagger (venom)
rCold    . . .     Gourm    .   (no shield)
rNeg     . . .     Faith    .   (helmet restricted)
rPois    .         Spirit   .   (no amulet)
rElec    .         Reflect  .   (no ring)
rCorr    .         Harm     .   (no ring)
MR       .....                  (no ring)
Stlth    ++++......             (no ring)
Regen    0.1/turn               (no ring)
                                (no ring)
                                (no ring)
                                (no ring)

@: no status effects
A: almost no armour, stealthy swim, amphibious, 8 rings, constrict 8, camouflage
1, gelatinous body 1
a: no special abilities


You were on level 4 of the Dungeon.
You were not hungry.

You visited 1 branch of the dungeon, and saw 6 of its levels.

You collected 83 gold pieces.

Inventory:

Hand Weapons
 a - a +0 short sword
 n - a +0 dagger of venom (weapon)
Wands
 b - a wand of flame (13/48)
 c - a wand of enslavement (12/24)
 d - a wand of random effects (15/48)
Scrolls
 e - a scroll of remove curse {unknown}
 j - a scroll of fear {unknown}
 l - 2 scrolls of amnesia {unknown}
 m - a scroll of fog {unknown}
 q - a scroll of enchant armour {unknown}
 r - a scroll of noise {unknown}
Potions
 i - a potion of degeneration {unknown}
 k - a potion of curing {unknown}
 o - a potion of might {unknown}
Comestibles
 f - 2 bread rations
 g - a royal jelly
 h - a meat ration


   Skills:
 - Level 1.0 Fighting
 - Level 1.0 Short Blades
 - Level 2.0 Dodging
 + Level 6.1 Stealth
 - Level 3.2 Evocations


You had 3 spell levels left.
You didn't know any spells.

Dungeon Overview and Level Annotations

Branches:
Dungeon (6/15)
 Temple: D:4-7

Altars:
The Shining One


Innate Abilities, Weirdness & Mutations

You cannot wear most types of armour.
You are very stealthy in the water. (Stealth+)
You are amphibious.
You can wear up to eight rings at the same time.
You can use your tentacles to constrict eight enemies at once.
Your skin changes colour to match your surroundings (Stealth+).
Your rubbery body absorbs attacks. (AC +1, EV +1)


Message History

Found a pair of embroidered boots.
You barely miss the orc priest.
The orc priest shouts!
You grab the orc priest.
You constrict the orc priest, but do no damage.
The adder hisses angrily. x2
You completely miss the orc priest.
You constrict the orc priest, but do no damage.
The orc priest calls down the wrath of Beogh upon you.
Pain shoots through your body!
You hit the orc priest but do no damage.
The orc priest is poisoned.
You squeeze the orc priest, but do no damage.
You constrict the orc priest, but do no damage.
The orc priest invokes the aid of Beogh against you.
Beogh smites you!
Ouch! That really hurt!
* * * LOW HITPOINT WARNING * * *
The adder bites you.
You die...

.####..#..##
##.###.#####..# ##
#.....# #..###.#
#### # ##....#
#....##.##
#.##########.##..#
... ##### #.....#
###.
.....##)....### #
#. ####S##.......#
.# #.
####..'..........#
.##.
####..S@?........#
#...
####.##.o........#
....
[....##...........
.... #####
#.....#..... ..#
##### #....###....
###. .....# ...
...# .....# ..##
...... .##


You could see an orc priest and 2 adders.

Vanquished Creatures
  An orc wizard (D:4)
  A worker ant zombie (D:5)
  3 gnolls (D:4)
  An adder (D:6)
  3 orcs (D:4)
  A ball python (D:3)
  A bat (D:1)
  3 giant cockroaches
  2 goblins
  A hobgoblin (D:1)
  A quokka (D:5)
  A frilled lizard (D:5)
  A kobold (D:2)
  2 rats (D:1)
22 creatures vanquished.

Vanquished Creatures (collateral kills)
  A howler monkey skeleton (D:5)
  2 orcs (D:4)
3 creatures vanquished.

Vanquished Creatures (others)
  An adder (D:5)
1 creature vanquished.

Grand Total: 26 creatures vanquished

Notes
Turn   | Place    | Note
-------+----------+-------------------------------------------
     0 | D:1      | M4edhros the Octopode Artificer began the quest for the Orb.
     0 | D:1      | Reached XP level 1. HP: 13/13 MP: 3/3
    87 | D:1      | Reached skill level 2 in Stealth
   108 | D:1      | Reached XP level 2. HP: 11/18 MP: 4/4
   111 | D:1      | Reached skill level 3 in Stealth
   367 | D:4      | You fall through a shaft for 2 floors!
   422 | D:6      | Found a glowing golden altar of the Shining One.
   546 | D:6      | Reached skill level 4 in Stealth
   568 | D:5      | Entered Level 5 of the Dungeon
   574 | D:5      | Reached XP level 3. HP: 13/23 MP: 5/5
   911 | D:4      | Reached skill level 5 in Stealth
  1037 | D:4      | Reached XP level 4. HP: 19/28 MP: 6/6
  1045 | D:4      | Reached skill level 6 in Stealth
  1288 | D:4      | HP: 1/28 [orc priest/divine providence (14)]
  1288 | D:4      | Slain by an adder

Vault maps used:
D:1:      eino_arrival_cavern_a
D:2:      gammafunk_temple_overflow_pools, uniq_terence
D:4:      kennysheep_generic_room_6
D:5:      lemuel_doored_altar, first_bread
D:6:      tso_metal_star

Skill      XL: |  1  2  3  4 |
---------------+-------------+-----
Stealth        | 2 4 5 6 |  6.1
Fighting       | |  1.0
Short Blades   | |  1.0
Dodging        | |  2.0
Evocations     | |  3.2

Action                   |  1- 3 |  4- 6 || total
-------------------------+-------+-------++-------
Melee: Short sword       |    36 |       ||    36
       Constrict         |    10 |     3 ||    13
       Tentacles         |    11 |     2 ||    13
       Dagger            |     3 |     8 ||    11
Evoke: Wand              |     3 |     2 ||     5
 Stab: Sleeping          |     3 |       ||     3
       Distracted        |       |     1 ||     1
  Eat: Chunk             |       |     1 ||     1
Armor: Skin              |     4 |       ||     4
Dodge: Dodged            |    23 |     5 ||    28
